 Dungeon Crawl Stone Soup version 0.31-a0-1-g4198be8af4 (webtiles) character file.

Game seed: 18117140191610487996

112 bande the Covered (level 4, -11/29 HPs)
             Began as a Gargoyle Fighter on May 2, 2023.
             Mangled by Crazy Yiuf
             ... wielding a +3 quarterstaff of chaos
              (16 damage)
             ... on level 2 of the Dungeon.
             The game lasted 00:02:10 (1574 turns).

bande the Covered (Gargoyle Fighter)                Turns: 1574, Time: 00:02:12

Health: -11/29     AC: 15    Str: 20    XL:     4   Next: 93%
Magic:  4/4        EV:  7    Int:  8    God:
Gold:   122        SH:  4    Dex: 11    Spells: 3/3 levels left

rFire   . . .        a - +0 war axe
rCold   . . .        c - +0 buckler
rNeg    + . .        r - +0 chain mail
rPois   ∞            (no helmet)
rElec   +            (no cloak)
rCorr   .            (no gloves)
SInv    .            p - +1 pair of boots
Will    .....        (no amulet) Stlth
                     (no ring)
HPRegen 0.24/turn    (no ring)
MPRegen 0.09/turn

%: no passive effects
@: no status effects
A: sickness immunity, AC +3, negative energy resistance 1, electricity
resistance, torment resistance 1, petrification resistance
a: no special abilities


You were on level 2 of the Dungeon.
You visited 1 branch of the dungeon, and saw 2 of its levels.

You collected 122 gold pieces.

Inventory:

Hand Weapons
 a - a +0 war axe (weapon)
 n - a +0 flail
 q - a +0 war axe
Missiles
 o - 3 throwing nets (quivered)
Armour
 c - a +0 buckler (worn)
 p - a +1 pair of boots (worn)
 r - a +0 chain mail (worn)
Scrolls
 f - a scroll of enchant weapon {unknown}
 g - 2 scrolls of enchant armour {unknown}
 h - 2 scrolls of identify {unknown}
 k - a scroll of poison {unknown}
 m - a scroll of brand weapon {unknown}
Potions
 d - 2 potions of might
 e - 4 potions of curing {unknown}
 i - a potion of mutation {unknown}
 j - a potion of heal wounds {unknown}
 l - a potion of attraction {unknown}


   Skills:
 + Level 4.0 Fighting
 + Level 3.0 Axes
 + Level 4.1 Armour
 + Level 3.8 Shields


You had 3 spell levels left.
You didn't know any spells.
Your spell library contained the following spells:

 Spells                   Type           Power      Damage    Failure   Level
 Static Discharge         Conj/Air       0%         2-2/arc   99%         2
 Airstrike                Air            0%         2d(0-16)  100%        4
 Summon Lightning Spire   Summ/Air       0%         N/A       100%        4


Dungeon Overview and Level Annotations

Branches:
Dungeon (2/15)

Altars:

Annotations:
D:2 Crazy Yiuf


Innate Abilities, Weirdness & Mutations

You are immune to sickness and miasma.
Your stone body is resilient. (AC +3)
You are immune to poison.
You resist negative energy. (rN+)
You are resistant to electric shocks. (rElec)
You are resistant to unholy torment.
You are immune to petrification.


Message History

You continue taking off your +0 scale mail. x4
You finish taking off your +0 scale mail.
You start putting on your armour.
You continue putting on your +0 chain mail. x5
You finish putting on your +0 chain mail.
You drop a +0 scale mail.
A rat comes into view.
A rat is nearby!
The rat bites you but does no damage.
You closely miss the rat. You block the rat's attack.
You barely miss the rat.
The rat bites you but does no damage. x2
You slash the rat!
You kill the rat!
No target in view!
No target in view!
You now have 122 gold pieces (gained 7).
You see here a +0 halberd.
There is a stone staircase leading up here.
You see here a +3 hammer.
You see here a +0 hammer.
Crazy Yiuf shouts!
Crazy Yiuf sings, "Trees, trees, trees, circus!"
You see here a +0 hammer.
You see here a +0 hammer.
You see here a +2 hammer of protection.
You see here a +0 hammer.
Could not explore, unopened runed door.
You open the door. You barely miss Crazy Yiuf.
Crazy Yiuf yells, "East broken arm!"
Crazy Yiuf barely misses you.
Crazy Yiuf hits you with a +3 quarterstaff of chaos!
Crazy Yiuf burns you.
You hit Crazy Yiuf.
Crazy Yiuf is moderately wounded.
Crazy Yiuf hits you with a +3 quarterstaff of chaos!
* * * LOW HITPOINT WARNING * * *
Space warps horribly around you!
Ouch! That really hurt!
You die...

#.#
#....###############
#.# #....#
#........... #.#
♣....♣ #.##########
#.# ♣)..♣♣
#.########## #.#
♣♣)♣♣ #.##.....<..
#.# ♣)♣♣
#.##.####### #.#
♣♣)♣ #.##.### #.#
♣)♣♣ #.##...# #.#
♣♣@♣ #.####.# #.##
#g# ######.#####
#..# )))
####........ ####
#)))# #...).....##
#).)# ####....#.#
##### ####.#.#..#
#.........# ###
######.###..##
#.########..#
##....†..


You could see Crazy Yiuf.

Vanquished Creatures
  3 adders (D:2)
  4 gnolls
  A dart slug (D:2)
  4 endoplasms
  2 giant cockroaches (D:1)
  4 goblins (D:1)
  A hobgoblin (D:1)
  2 quokkas
  7 ball pythons
  8 bats
  3 kobolds
  9 rats
48 creatures vanquished.

Notes
Turn   | Place    | Note
-------+----------+-------------------------------------------
     0 | D:1      | bande the Gargoyle Fighter began the quest for the Orb.
     0 | D:1      | Reached XP level 1. HP: 14/14 MP: 1/1
    56 | D:1      | Reached XP level 2. HP: 18/19 MP: 2/2
   545 | D:2      | Reached XP level 3. HP: 24/24 MP: 3/3
   761 | D:2      | Reached XP level 4. HP: 27/29 MP: 4/4
  1209 | D:2      | Found a runed translucent door.
  1210 | D:2      | Noticed Crazy Yiuf
  1574 | D:2      | Mangled by Crazy Yiuf

Illustrated notes

Levels and vault maps discovered:
D:1:      zaba_arrival_water, layout_basic
D:2:      layout_loops_ring, st_stairs_1, chequers_serial_rivers_micro_a,
          uniq_crazy_yiuf_cottage

Skill      XL: |  1  2  3  4 |
---------------+-------------+-----
Axes           | 2 3 |  3.0
Armour         | 4 |  4.1
Fighting       | 4 |  4.0
Shields        | |  3.8

Action                     |  1- 3 |  4- 6 || total
---------------------------+-------+-------++-------
  Melee: War axe           |    90 |    27 ||   117
 Armour: Scale mail        |    78 |    13 ||    91
         Chain mail        |       |     3 ||     3
  Dodge: Dodged            |    49 |    15 ||    64
  Block: Buckler           |    18 |     5 ||    23

Table legend: (Time is in decaauts)
 A = Elapsed time spent in this place.
 B = Non-inter-level travel time spent in this place.
 C = Inter-level travel time spent in this place.
 D = Time resting spent in this place.
 E = Time spent auto-exploring this place.
 F = Levels seen in this place.
 G = Mean time per level.
                   A        B        C        D        E       F      G
               +--------+--------+--------+--------+--------+-----+--------+
         Total |   1632 |   1632 |      0 |    133 |   1075 |   2 |  816.0 |
       Dungeon |   1632 |   1632 |      0 |    133 |   1075 |   2 |  816.0 |
               +--------+--------+--------+--------+--------+-----+--------+

Top non-repeatable levels by time:
     D:2: 918 daAuts
     D:1: 714 daAuts
